 Dungeon Crawl Stone Soup version 0.25.1-2-g60ff931df9 (webtiles) character file.

Game seed: 4059221414430181962

30671 Drachen the Slinger (level 12, 0/100 HPs)
             Began as a Demigod Gladiator on Oct 7, 2020.
             Slain by a white draconian
             ... wielding a +1 battleaxe of freezing
              (4 damage)
             ... in an ice cave on Oct 8, 2020.
             The game lasted 01:18:27 (15913 turns).

Drachen the Slinger (Demigod Gladiator)            Turns: 15913, Time: 01:18:28

Health: 0/100      AC: 18    Str: 28    XL:     12   Next: 92%
Magic:  15/15      EV: 14    Int: 12    God:
Gold:   745        SH:  0    Dex: 27    Spells: 11/11 levels left

rFire    + + .     SeeInvis +   b - +10 hunting sling of Suacipri {vorpal, rF+ MR- Str+9 Dex+4}
rCold    + . .     Gourm    .   (no shield)
rNeg     . . .     Faith    .   X - +0 plate armour
rPois    +         Spirit   .   c - +0 helmet
rElec    +         Reflect  .   g - +0 cloak
rCorr    +         Harm     .   (no gloves)
MR       .....     Rnd*Rage +   W - +0 pair of boots
Stlth    ..........             G - amulet of regeneration
HPRegen  0.66/turn              p - ring of poison resistance
MPRegen  0.14/turn              I - ring of see invisible

@: confused, mighty, resistant, very slightly contaminated, invisible
A: berserk 1, high mp 1, sense surroundings 1, electricity resistance
a: no special abilities


You were in an ice cave.
You were not hungry.

You visited 1 branch of the dungeon, and saw 14 of its levels.
You also visited: Ice Cave.

You collected 1009 gold pieces.
You spent 264 gold pieces at shops.

Inventory:

Hand Weapons
 b - the +10 hunting sling of Suacipri (weapon) {vorpal, rF+ MR- Str+9 Dex+4}
   (You found it on level 9 of the Dungeon)

   Any stone fired from it inflicts extra damage.
   It affects your strength (+9).
   It affects your dexterity (+4).
   It protects you from fire.
   It affects your resistance to hostile enchantments.
 d - a +4 short sword of electrocution
 j - a +4 rapier of speed
 L - a +3 scimitar of flaming
Missiles
 q - 4 throwing nets
 P - 86 stones
 Q - 79 sling bullets (quivered)
Armour
 c - a +0 helmet (worn)
 g - a +0 cloak (worn)
 M - a +1 scale mail of fire resistance
 W - a +0 pair of boots (worn)
 X - a +0 plate armour (worn)
Jewellery
 p - a ring of poison resistance (left hand)
 y - an uncursed ring of stealth
 G - an amulet of regeneration (around neck)
 I - a ring of see invisible (right hand)
 T - an uncursed amulet of the acrobat
 U - an uncursed ring of protection from magic
Wands
 i - a wand of digging (11)
 B - a wand of acid (4)
 F - a wand of iceblast (8)
 N - a wand of disintegration (10)
 R - a wand of enslavement (3)
 S - a wand of polymorph (6)
 V - a wand of flame (12)
Scrolls
 a - 3 scrolls of remove curse
 e - a scroll of blinking
 m - 2 scrolls of enchant armour
 u - 3 scrolls of torment
 w - 6 scrolls of teleportation
 z - a scroll of immolation
 C - 3 scrolls of amnesia
 H - 3 scrolls of enchant weapon
Potions
 h - 2 potions of brilliance
 k - a potion of lignification
 l - a potion of mutation
 r - a potion of stabbing
 s - a potion of berserk rage
 t - a potion of ambrosia
 v - 2 potions of magic
 x - 3 potions of flight
 E - a potion of might
Miscellaneous
 A - a phantom mirror
Comestibles
 f - 24 rations


   Skills:
 + Level 7.4 Fighting
 - Level 6.9(7.6) Short Blades
 - Level 4.8(6.6) Long Blades
 + Level 10.3(10.4) Slings
 - Level 2.0(6.9) Throwing
 + Level 10.0 Armour
 + Level 7.4 Dodging
 - Level 9.0 Stealth


You had 11 spell levels left.
You didn't know any spells.
Your spell library contained the following spells:

 Spells                   Type           Power        Failure   Level  Hunger
 Beastly Appendage        Tmut           #.....       95%         1    ##.....
 Corona                   Hex            #......      95%         1    ##.....
 Sandblast                Erth           #.....       95%         1    ##.....
 Ensorcelled Hibernation  Hex/Ice        #.....       99%         2    ###....
 Passwall                 Tmut/Erth      #.......     99%         2    ###....
 Sticks to Snakes         Tmut           #.......     99%         2    ###....
 Confusing Touch          Hex            #.......     100%        3    ####...
 Dazzling Flash           Conj/Hex       #.....       100%        3    ####...
 Spider Form              Tmut/Pois      #.........   100%        3    ####...
 Stone Arrow              Conj/Erth      #.....       100%        3    ####...
 Tukima's Dance           Hex            #.......     100%        3    ####...
 Ice Form                 Ice/Tmut       #.......     100%        4    #####..
 Petrify                  Tmut/Erth      #.......     100%        4    #####..
 Blade Hands              Tmut           #.........   100%        5    ######.
 Lee's Rapid Deconstruct  Erth           #.........   100%        5    ######.


Dungeon Overview and Level Annotations

Branches:
Dungeon (14/15)            Temple (0/1) D:7            Lair (0/6) D:11
    Orc (0/2) D:10          IceCv (1/1)
 Vaults: D:13-14

Shops:
D:5 !   D:6 !   D:7 *   D:10 [   D:11 :


Innate Abilities, Weirdness & Mutations

You have an increased reservoir of magic. (+10% MP)
You tend to lose your temper in combat.
You passively map a small area around you.
You are resistant to electric shocks. (rElec)


Message History

Press: ? - help, Shift-Dir - straight line, f/p - white draconian
Aim: a white draconian, wielding a +1 battleaxe of freezing and wearing a +0 cloak (moderately wounded, catching its breath)
You shoot a sling bullet.
The sling bullet completely misses the white draconian.
Firing (i - inventory. (/) - cycle)
Q - 80 sling bullets (quivered)
Press: ? - help, Shift-Dir - straight line, f/p - white draconian
Aim: a white draconian, wielding a +1 battleaxe of freezing and wearing a +0 cloak (moderately wounded)
You shoot a sling bullet.
The sling bullet hits the white draconian!
The white draconian is heavily wounded.
The white draconian hits you with a +1 battleaxe of freezing.
* * * LOW HITPOINT WARNING * * *
The white draconian freezes you.
* * * LOW HITPOINT WARNING * * *
You are confused.
You feel invigorated.
The white draconian hits you with a +1 battleaxe of freezing!
* * * LOW HITPOINT WARNING * * *
The white draconian freezes you.
You die...

##.#.##≈
≈≈#
#....#≈
**
#.#.## *
##.### ≈
#.## ≈ ,
#.##≈
#..# ,
##.# * *
##@# ,
#d## ≈
#h#* * ,
#h. *
##hh *


*hdh ,* *#h.h, , .... #..##* You could see a white draconian and 2 polar bears.

Vanquished Creatures
  Rupert (D:13)
  Kirke (D:13)
  An iron dragon (D:12)
  A yaktaur captain (D:12)
  Harold (D:7)
  3 two-headed ogres
  3 death yaks (IceCv)
  2 unseen horrors
  A cyclops (D:12)
  An ugly thing (D:13)
  4 gargoyles (D:13)
  Joseph (D:7)
  An efreet (D:13)
  2 trolls
  7 polar bears (IceCv)
  A hornet (shapeshifter) (D:14)
  3 hippogriffs
  A spriggan (D:12)
  20 yaks
  2 vampires
  A wyvern (D:12)
  A water elemental (D:14)
  A hungry ghost (D:7)
  6 hogs (D:13)
  A steam dragon (D:12)
  Menkaure (D:6)
  A water moccasin (D:8)
  2 porcupines (D:11)
  A meliai simulacrum (D:14)
  3 black bears
  10 ice beasts
  15 orc warriors
  3 sky beasts
  A phantom (D:8)
  A necrophage (D:11)
  5 ogres
  12 wolves (IceCv)
  2 centaurs
  6 bullfrogs
  2 big kobolds
  A water moccasin zombie (D:7)
  4 scorpions
  A wyvern skeleton (D:14)
  A water moccasin skeleton (D:7)
  19 killer bees
  9 wights
  3 howler monkeys (D:8)
  2 electric eels (D:11)
  2 centaur zombies
  9 crimson imps
  2 hounds
  4 centaur skeletons
  6 orc priests
  3 bullfrog skeletons
  6 jellies
  11 orc wizards
  Crazy Yiuf (D:2)
  Jessica (D:2)
  4 iguanas
  9 worker ants
  Natasha (twice) (D:3)
  A hound skeleton (D:7)
  A howler monkey zombie (D:5)
  Robin (D:1)
  7 gnolls (D:5)
  15 adders
  2 howler monkey skeletons
  4 shadow imps
  2 oozes
  An adder zombie (D:6)
  3 adder skeletons
  3 worms
  A dart slug (D:1)
  4 leopard geckos
  80 orcs
  4 bats
  6 giant cockroaches
  21 goblins
  8 hobgoblins
  18 kobolds
  A quokka (D:11)
  A ball python (D:6)
  5 frilled lizards
  A giant cockroach zombie (D:5)
  A jackal skeleton (D:7)
  A leopard gecko skeleton (D:5)
  A leopard gecko zombie (D:6)
  A quokka skeleton (D:4)
  10 rats
436 creatures vanquished.

Vanquished Creatures (others)
  A rime drake (IceCv)
  A polar bear (IceCv)
  A dart slug (D:2)
  3 fungi (D:11)
  A plant (D:11)
7 creatures vanquished.

Grand Total: 443 creatures vanquished

Notes
Turn   | Place    | Note
-------+----------+-------------------------------------------
     0 | D:1      | Drachen the Demigod Gladiator began the quest for the Orb.
     0 | D:1      | Reached XP level 1. HP: 17/17 MP: 3/3
   387 | D:1      | Reached XP level 2. HP: 19/24 MP: 4/4
  1216 | D:2      | Found a shadowy altar of Dithmenos.
  1219 | D:2      | Noticed Robin
  1233 | D:1      | Reached XP level 3. HP: 11/29 MP: 5/5
  1910 | D:1      | Killed Robin
  2081 | D:2      | Reached XP level 4. HP: 16/37 MP: 6/6
  2297 | D:1      | Reached skill level 1 in Armour
  2679 | D:2      | Noticed Jessica
  2709 | D:2      | Killed Jessica
  2896 | D:2      | Found a runed translucent door.
  2897 | D:2      | Noticed Crazy Yiuf
  2901 | D:2      | Killed Crazy Yiuf
  2901 | D:2      | Reached XP level 5. HP: 42/42 MP: 7/7
  3109 | D:3      | Noticed Natasha
  3121 | D:3      | Killed Natasha
  3121 | D:3      | Reached skill level 1 in Short Blades
  3121 | D:3      | Reached skill level 1 in Stealth
  3281 | D:3      | Found a sacrificial altar of Ru.
  3492 | D:3      | Noticed Natasha
  3499 | D:3      | Killed Natasha
  3894 | D:4      | Reached XP level 6. HP: 48/50 MP: 8/8
  4297 | D:4      | Found a radiant altar of Vehumet.
  4684 | D:5      | Entered Level 5 of the Dungeon
  4686 | D:5      | Found Voideenu's Distillery.
  4729 | D:5      | Reached XP level 7. HP: 57/57 MP: 9/9
  5125 | D:5      | Bought a potion of heal wounds for 65 gold pieces
  5196 | D:5      | Noticed a hippogriff
  5215 | D:5      | Killed a hippogriff
  5453 | D:5      | Reached XP level 8. HP: 66/66 MP: 10/10
  5835 | D:5      | Reached skill level 5 in Dodging
  6245 | D:6      | Noticed Menkaure
  6308 | D:6      | Gained mutation: You are resistant to electric shocks.
                  | (rElec) [potion of mutation]
  6308 | D:6      | Gained mutation: You tend to lose your temper in combat.
                  | [potion of mutation]
  6308 | D:6      | Gained mutation: You passively map a small area around you.
                  | [potion of mutation]
  6312 | D:6      | Killed Menkaure
  6312 | D:6      | Reached skill level 5 in Fighting
  6357 | D:6      | Found Nineus's Distillery.
  6373 | D:6      | Bought a potion of haste for 110 gold pieces
  6373 | D:6      | Bought a potion of might for 44 gold pieces
  6379 | D:6      | Found a glowing golden altar of the Shining One.
  6738 | D:7      | Found a staircase to the Ecumenical Temple.
  6896 | D:7      | Reached skill level 5 in Stealth
  6938 | D:7      | Found an ornate altar of the Wu Jian Council.
  6939 | D:7      | Found a sparkling altar of Nemelex Xobeh.
  6961 | D:7      | Noticed Joseph
  6973 | D:7      | Killed Joseph
  6973 | D:7      | Reached XP level 9. HP: 47/74 MP: 11/11
  7115 | D:7      | Reached skill level 5 in Short Blades
  7338 | D:7      | Found a hazy altar of Hepliaklqana.
  7445 | D:7      | Noticed Harold
  7461 | D:7      | Killed Harold
  7865 | D:7      | Found Dauham's General Store.
  7875 | D:7      | Bought a scroll of magic mapping for 45 gold pieces
  8418 | D:8      | Reached XP level 10. HP: 46/81 MP: 13/13
  9049 | D:8      | Found a shimmering altar of Xom.
  9444 | D:9      | Found a roughly hewn altar of Beogh.
  9521 | D:9      | Got a warped hunting sling
  9522 | D:9      | Identified the +10 hunting sling of Suacipri {vorpal, rF+
                  | MR- Str+9 Dex+4} (You found it on level 9 of the Dungeon)
 10135 | D:9      | Found a blossoming altar of Fedhas.
 10136 | D:9      | Found a basalt altar of Yredelemnul.
 10183 | D:9      | Reached skill level 5 in Armour
 10563 | D:10     | Entered Level 10 of the Dungeon
 10663 | D:10     | Found Naxyrgh's Armour Emporium.
 10664 | D:10     | Found a staircase to the Orcish Mines.
 10695 | D:10     | Reached skill level 1 in Slings
 11007 | D:10     | Got a shimmering robe
 11018 | D:10     | Identified the +2 robe "Utuinaot" {rPois rF+ rN+ MP+9} (You
                  | found it on level 10 of the Dungeon)
 11640 | D:11     | Found Welad's Book Boutique.
 11815 | D:11     | Noticed a two-headed ogre
 11834 | D:11     | Killed a two-headed ogre
 11834 | D:11     | Reached XP level 11. HP: 91/91 MP: 14/14
 11978 | D:11     | Found a staircase to the Lair.
 12605 | D:12     | Found a shimmering blue altar of Sif Muna.
 12605 | D:12     | Found a burning altar of Makhleb.
 12610 | D:12     | Noticed a yaktaur captain
 12611 | D:12     | Noticed a two-headed ogre
 12619 | D:12     | Killed a two-headed ogre
 12707 | D:12     | Killed an unseen horror
 12835 | D:12     | Noticed an iron dragon
 13276 | D:12     | Killed an iron dragon
 13276 | D:12     | Reached skill level 5 in Slings
 13283 | D:13     | Noticed Rupert
 13309 | D:13     | Paralysed by Rupert for 3 turns
 13316 | D:13     | Killed Rupert
 13517 | D:13     | Noticed Kirke
 13558 | D:13     | Killed Kirke
 13558 | D:13     | Reached XP level 12. HP: 59/100 MP: 15/15
 14601 | D:12     | Killed a yaktaur captain
 15274 | D:14     | Reached skill level 10 in Armour
 15327 | D:14     | Found a frozen archway.
 15351 | IceCv    | Entered an ice cave
 15624 | IceCv    | Reached skill level 10 in Slings
 15879 | IceCv    | Noticed a white draconian
 15913 | IceCv    | HP: 4/100 [white draconian/+1 battleaxe of freezing (15)]
 15913 | IceCv    | Slain by a white draconian

Illustrated notes

Levels and vault maps discovered:
D:1:      dpeg_arrival_shrine, layout_loops_corners
D:2:      layout_rooms, grunt_dithmenos_smoke, uniq_crazy_yiuf_cottage,
          uniq_jessica, uniq_robin
D:3:      layout_basic, first_ration, nicolae_ru_great_annihilating_truth,
          uniq_natasha
D:4:      layout_loops_ring, lemuel_round_altar
D:5:      minmay_octagon_keep, layout_cave_pools, serial_shops, shop
D:6:      layout_rooms, tso_metal_star, serial_shops, nicolae_shop_stone,
          uniq_menkaure
D:7:      layout_layer_cave, kennysheep_mini,
          chequers_temple_overflow_statue_of_worship, temple_pool_b,
          serial_shops, shop_fountains, uniq_harold, uniq_joseph
D:8:      layout_basic, nicolae_overflow_hidden_temple
D:9:      layout_long_grid, gammafunk_temple_overflow_statue, special_room
          [special_room_orc]
D:10:     layout_rooms, orc_david_3, nicolae_zen_rock_garden
D:11:     statuecave_lemuel, layout_loops_ring, grunt_lair_entry_orc_guard_hut,
          serial_shops, nicolae_shop_trees
D:12:     layout_stronghold, the_bakery, jmf_multi_god_temple
D:13:     layout_long_grid, chequers_serial_rivers_micro_d, uniq_rupert,
          uniq_kirke
D:14:     layout_roguey, skrybe_vaults_entry_preservation,
          gammafunk_ghost_stat_death, serial_ice, serial_ice_l, serial_ice_a,
          serial_ice_b, serial_ice_o, serial_ice_d, serial_ice_c,
          portal_ice_cave_entry_ice_beasts, uniq_frances, uniq_louise,
          uniq_azrael
IceCv:    ice_cave_caverns_03

Skill      XL: |  1  2  3  4  5  6  7  8  9 10 11 12 |
---------------+-------------------------------------+-----
Throwing       | 2 |  2.0
Long Blades    | 3 4 |  4.8
Dodging        | 3 4 5 6 7 |  7.4
Fighting       | 2 3 4 5 6 7 |  7.4
Armour         | 1 2 3 4 6 8 10 | 10.0
Short Blades   | 1 2 4 6 |  6.9
Stealth        | 1 2 3 5 9 |  9.0
Slings         | 2 6 10 | 10.3

Action                   |  1- 3 |  4- 6 |  7- 9 | 10-12 || total
-------------------------+-------+-------+-------+-------++-------
Melee: Long sword        |   115 |     6 |       |       ||   121
       Short sword       |       |   125 |   340 |   193 ||   658
       Rapier            |       |       |    31 |    68 ||    99
 Fire: Hunting sling     |       |       |       |   577 ||   577
Throw: Throwing net      |       |     3 |     4 |     2 ||     9
       Dart              |       |       |       |    17 ||    17
Evoke: Wand              |       |       |       |    17 ||    17
  Use: Potion            |       |       |     6 |    10 ||    16
       Scroll            |       |       |    13 |    11 ||    24
 Stab: Sleeping          |       |     4 |    10 |     1 ||    15
       Held in net/web   |       |       |     5 |       ||     5
       Distracted        |       |       |     2 |       ||     2
  Eat: Chunk             |     4 |     8 |    13 |    14 ||    39
       Ration            |       |       |       |     3 ||     3
Armor: Ring mail         |    67 |    19 |    74 |    13 ||   173
       Leather armour    |     1 |       |       |       ||     1
       Scale mail        |       |       |       |    40 ||    40
       Plate armour      |       |       |       |   185 ||   185
       Skin              |       |       |       |     2 ||     2
Dodge: Dodged            |   136 |    80 |   223 |   245 ||   684
       Rpst.: Long sword |    37 |     3 |       |       ||    40
